 Dungeon Crawl Stone Soup version 0.22.1-2-g9c5b331383 (webtiles) character file.

78 EvilAshe the Chucker (level 4, -5/48 HPs)
             Began as an Ogre Hunter on Dec 2, 2018.
             Slain by an iron imp (8 damage)
             ... summoned by Natasha
             ... on level 3 of the Dungeon.
             The game lasted 00:07:01 (2925 turns).

EvilAshe the Chucker (Ogre Hunter)                  Turns: 2925, Time: 00:07:02

Health: -5/48      AC:  3    Str: 17    XL:     4   Next: 36%
Magic:  4/4        EV:  9    Int: 12    God:
Gold:   95         SH:  0    Dex:  9    Spells: 3/3 levels left

rFire    . . .     SeeInvis .   m - +0 mace
rCold    . . .     Gourm    .   (no shield)
rNeg     . . .     Faith    .   b - +0 robe
rPois    .         Spirit   .   (helmet restricted)
rElec    .         Reflect  .   (no cloak)
rCorr    .         Harm     .   (gloves unavailable)
MR       .....                  (boots unavailable)
Stlth    +.........             (no amulet)
HPRegen  0.16/turn              (no ring)
MPRegen  0.09/turn              (no ring)

@: slowed, heavily drained, very slow
A: large, unfitting armour, tough skin 1
a: no special abilities


You were on level 3 of the Dungeon.
You were not hungry.

You visited 1 branch of the dungeon, and saw 3 of its levels.

You collected 95 gold pieces.

Inventory:

Hand Weapons
 a - a +0 falchion
   (You found it on level 2 of the Dungeon)
 i - a +0 short sword
 m - a +0 mace (weapon)
   (You found it on level 2 of the Dungeon)
Missiles
 c - 2 large rocks (quivered)
 d - 3 throwing nets {!f}
Armour
 b - a +0 robe (worn)
Scrolls
 g - a scroll of fog {unknown}
 h - a scroll of amnesia {unknown}
 l - a scroll of identify {unknown}
Potions
 j - a potion of heal wounds {@q2}
 k - a potion of haste {@q3}
Comestibles
 e - 3 rations {!d}
 f - 2 chunks of flesh


   Skills:
 + Level 4.0(1.9) Fighting
 + Level 0.3(0.0) Maces & Flails
 + Level 4.5(2.4) Throwing
 + Level 2.7(0.7) Dodging
 - Level 0.6(0.0) Stealth


You had 3 spell levels left.
You didn't know any spells.
Your spell library contained the following spells:

 Spells                   Type           Power        Failure   Level  Hunger
 Animate Skeleton         Necr           N/A          32%         1    ##.....
 Apportation              Tloc           #.....       32%         1    ##.....
 Confusing Touch          Hex            #.....       32%         1    ##.....
 Summon Small Mammal      Summ           #...         32%         1    ##.....


Dungeon Overview and Level Annotations

Branches:
Dungeon (3/15)

Altars:

Annotations:
D:3 Natasha


Innate Abilities, Weirdness & Mutations

You are too large for most types of armour.
You have tough skin. (AC +1)


Message History

The hobgoblin hits you but does no damage.
The hobgoblin hits you with a club.
You thump the hobgoblin!
You kill the hobgoblin!
No target in view!
No target in view!
You climb downwards.
Level annotation: Natasha Natasha casts a spell at you.
You resist with some effort.
There is a stone staircase leading up, spattered with blood here.
You see here 3 stones.
Found a scroll labeled OPTAMP GUSEUB.
Natasha mewls in sadness.
Natasha stares at you and mumbles some strange words.
You feel yourself slow down.
You miss Natasha.
Natasha mumbles some strange words.
Natasha claws you.
You barely miss Natasha. Natasha claws you!
Natasha mumbles some strange words.
You hit Natasha. Natasha claws you but does no damage. The iron imp hits you.
Natasha claws you.
The iron imp hits you but does no damage.
The crimson imp hits you.
* * * LOW HITPOINT WARNING * * *
You hit Natasha. Natasha closely misses you.
The crimson imp blinks!
The iron imp barely misses you. Natasha claws you.
* * * LOW HITPOINT WARNING * * *
The crimson imp blinks!
The iron imp barely misses you.
You hit Natasha. Natasha claws you.
* * * LOW HITPOINT WARNING * * *
The crimson imp blinks!
Natasha casts a spell at you. You resist with some effort.
The iron imp hits you.
* * * LOW HITPOINT WARNING * * *
Throwing (i - inventory. (/) - cycle)
c - 4 large rocks (quivered)
Aim: an iron imp (summoned)
You throw a large rock. The large rock hits the iron imp.
Natasha barely misses you.
The iron imp hits you but does no damage.
Natasha barely misses you. The iron imp hits you!
* * * LOW HITPOINT WARNING * * *
Natasha closely misses you.
Throwing (i - inventory. (/) - cycle)
c - 3 large rocks (quivered)
Aim: Natasha (heavily wounded)
You throw a large rock. The large rock misses Natasha.
Natasha claws you!
* * * LOW HITPOINT WARNING * * *
The crimson imp barely misses you. The iron imp hits you!
You die...

#..≈P....#
..#..
#.P≈......##
#. ###
#..P..⌠....#
#.
#..........#
#
#..........#
#..........#
#<.......?.#
##.)55......
#...@h....(#
#..........#
#..........#
#....<.....#
#...>......#
##........##
##......##
########


You could see an iron imp, Natasha and a crimson imp.

Vanquished Creatures
  2 adders (D:2)
  A worm (D:2)
  A dart slug (D:2)
  A leopard gecko (D:2)
  An orc (D:2)
  A ball python (D:2)
  6 bats
  3 giant cockroaches
  2 goblins (D:1)
  8 hobgoblins
  4 jackals (D:1)
  2 quokkas (D:2)
  7 frilled lizards
  9 kobolds
  4 rats
52 creatures vanquished.

Notes
Turn   | Place    | Note
-------+----------+-------------------------------------------
     0 | D:1      | EvilAshe the Ogre Hunter began the quest for the Orb.
     0 | D:1      | Reached XP level 1. HP: 22/22 MP: 1/1
   264 | D:1      | Reached XP level 2. HP: 29/31 MP: 2/2
   829 | D:1      | Reached XP level 3. HP: 26/37 MP: 3/3
  1894 | D:2      | Reached XP level 4. HP: 48/48 MP: 4/4
  2326 | D:2      | HP: 2/48 [adder (3)]
  2554 | D:3      | Noticed Natasha
  2925 | D:3      | Slain by an iron imp

Skill      XL: |  1  2  3  4 |
---------------+-------------+-----
Fighting       | 3 4 |  4.0
Dodging        | 2 |  2.7
Maces & Flails | |  0.3
Throwing       | |  4.5
Stealth        | |  0.6

Action                   |  1- 3 |  4- 6 || total
-------------------------+-------+-------++-------
Melee: Short sword       |   147 |       ||   147
       Mace              |    44 |    45 ||    89
       Falchion          |    19 |       ||    19
Throw: Large rock        |       |    10 ||    10
       Throwing net      |       |     3 ||     3
  Use: Potion            |       |     3 ||     3
 Stab: Sleeping          |     1 |       ||     1
  Eat: Chunk             |     3 |     1 ||     4
       Ration            |       |     1 ||     1
Armor: Robe              |    71 |    20 ||    91
Dodge: Dodged            |   157 |    46 ||   203
       Rpst.: Falchion   |     3 |       ||     3
